 Dungeon Crawl Stone Soup version 0.32-a0-40-g2adb59ae06 (webtiles) character file.

Game seed: 3436425584654025768

150010 VoidStrider the Devastator (level 17, 0/104 HPs)
             Began as a Tengu Air Elementalist on Jan 24, 2024.
             Was a High Priest of Ignis.
             Killed from afar by a thorn hunter (25 damage)
             ... with a volley of thorns
             ... on level 4 of the Swamp on Jan 25, 2024.
             The game lasted 03:36:51 (38705 turns).

VoidStrider the Devastator (TeAE)                  Turns: 38705, Time: 03:36:52

Health: 0/104      AC: 15    Str: 12    XL:     17   Next: 52%
Magic:  0/47       EV: 19    Int: 27    God:    Ignis [*****.]
Gold:   1525       SH:  0    Dex: 17    Spells: 14/36 levels left

rFire   + . .        n - +6 Majin-Bo {spellvamp, MP+6 Int+6}
rCold   . . .        (no shield)
rNeg    + . .        l - +4 ring mail of Elexy {Str+2 Stlth+}
rPois   +            (helmet restricted)
rElec   .            a - +2 ratskin cloak {*Rats rPois rN+ Str-1 Int-1 Dex+1}
rCorr   +            U - +2 pair of gloves
SInv    .            (boots unavailable)
Will    +....        R - amulet "Jacemeu" {Spirit rPois rCorr Str+2}
Stlth   +++          v - ring of magical power
HPRegen 0.37/turn    Q - ring of poison resistance
MPRegen 0.30/turn

%: acrobat, guardian spirit
@: flying, studying Ice Magic
A: beak, talons 3, evasive flight, acrobatic
a: Renounce Religion, Fiery Armour, Foxfire Swarm, Rising Flame


You were on level 4 of the Swamp.
You worshipped Ignis.
Ignis was extremely pleased with you.
You visited 5 branches of the dungeon, and saw 27 of its levels.
You also visited: Bailey and Ice Cave.

You collected 2195 gold pieces.
You spent 670 gold pieces at shops.

Inventory:

Hand Weapons
 n - the +6 Majin-Bo (weapon) {spellvamp, MP+6 Int+6}
   (You acquired it in a bailey)

   Int+6:     It affects your intelligence (+6).
   MP+6:      It affects your magic capacity (+6).
 E - the +7 staff of the Meek {protect, meekguard}
   (You found it on level 8 of the Dungeon)
Missiles
 G - a throwing net
Armour
 a - the +2 ratskin cloak (worn) {*Rats rPois rN+ Str-1 Int-1 Dex+1}
   (You found it on level 4 of the Dungeon)

   *Rats:     When the wearer is hurt, rats may emerge from it to assist them.
   Str-1:     It affects your strength (-1).
   Int-1:     It affects your intelligence (-1).
   Dex+1:     It affects your dexterity (+1).
   rPois:     It protects you from poison rN+: It protects you from negative
   energy.
 l - the +4 ring mail of Elexy (worn) {Str+2 Stlth+}
   (You found it in an ice cave)

   Str+2:     It affects your strength (+2).
   Stlth+:    It makes you more stealthy.
 m - an orb of energy
 s - a +2 leather armour of willpower
 F - the +2 leather armour of the Wasteland {rElec Str+4 Slay-4 Stlth+}
   (You found it on level 15 of the Dungeon)

   Str+4:     It affects your strength (+4).
   Slay-4:    It affects your accuracy & damage with ranged weapons and melee
   (-4).
   rElec:     It insulates you from electricity.
   Stlth+:    It makes you more stealthy.
 T - a +1 cloak of preservation
 U - a +2 pair of gloves (worn)
 V - a +2 robe of cold resistance
Magical Staves
 p - a staff of air
Jewellery
 v - a ring of magical power (left hand)
 y - a +5 ring of evasion
 C - a ring of protection from fire
 D - an amulet of magic regeneration
 I - an amulet of regeneration
 K - a ring of positive energy
 L - a +4 ring of protection
 M - a ring of protection from fire
 N - a +6 ring of strength
 O - a ring of magical power
 Q - a ring of poison resistance (right hand)
 R - the amulet "Jacemeu" (around neck) {Spirit rPois rCorr Str+2}
   (You found it on level 11 of the Dungeon)

   [amulet of guardian spirit]

   Spirit:    It causes incoming damage to be divided between your reserves of
   health and magic.
   Str+2:     It affects your strength (+2).
   rPois:     It protects you from poison rCorr: It protects you from acid and
   corrosion.
Wands
 f - a wand of paralysis (20)
 r - a wand of polymorph (30)
 t - a wand of flame (16)
 u - a wand of roots (46)
 w - a wand of mindburst (25)
 A - a wand of quicksilver (9)
Scrolls
 d - 3 scrolls of summoning
 e - 6 scrolls of teleportation
 g - a scroll of enchant armour
 i - 3 scrolls of fear
 j - 4 scrolls of revelation
 x - 6 scrolls of fog
 z - 15 scrolls of identify
 P - 2 scrolls of amnesia
Potions
 b - a potion of magic
 c - 6 potions of brilliance
 h - a potion of haste
 o - 4 potions of enlightenment
 q - 4 potions of resistance
 B - 2 potions of curing
Miscellaneous
 k - a sack of spiders


   Skills:
 + Level 11.1 Fighting
 - Level 9.0 Dodging
 + Level 4.2 Stealth
 - Level 10.0 Spellcasting
 * Level 20.0 Conjurations
 * Level 17.3 Summonings
 * Level 19.9 Air Magic


You had 14 spell levels left.
You knew the following spells:

 Your Spells              Type           Power      Damage    Failure   Level
a - Shock                 Conj/Air       100%       1d9       0%          1
b - Static Discharge      Conj/Air       100%       3-8/arc   0%          2
c - Airstrike             Air            44%        2d(7-23)  1%          4
d - Summon Lightning Spi  Summ/Air       85%        N/A       1%          4
e - Apportation           Tloc           26%        N/A       10%         1
f - Passwall              Erth           13%        N/A       28%         3
g - Spellforged Servitor  Conj/Summ      42%        N/A       4%          7

Your spell library contained the following spells:

 Spells                   Type           Power      Damage    Failure   Level
 Summon Small Mammal      Summ           100%       N/A       0%          1
 Swiftness                Air            88%        N/A       0%          3
 Sting                    Conj/Alch      100%       1d9       1%          1
 Stone Arrow              Conj/Erth      100%       3d13      1%          3
 Brom's Barrelling Bould  Conj/Erth      61%        2d8       1%          4
 Flame Wave               Conj/Fire      61%        2d14      1%          4
 Fulminant Prism          Conj/Alch      30%        3d16      1%          4
 Iskenderun's Mystic Bla  Conj/Tloc      61%        2d13      1%          4
 Summon Blazeheart Golem  Fire/Summ      57%        N/A       2%          4
 Orb of Destruction       Conj           44%        9d12      2%          7
 Necrotise                Necr           52%        1d6       10%         1
 Sandblast                Erth           26%        2d8       10%         1
 Jinxbite                 Hex            26%        N/A       14%         2
 Lesser Beckoning         Tloc           26%        N/A       14%         2
 Gell's Gravitas          Tloc           13%        N/A       28%         3
 Inner Flame              Hex/Fire       13%        N/A       28%         3
 Teleport Other           Tloc           13%        N/A       28%         3
 Tukima's Dance           Hex            13%        N/A       28%         3
 Volatile Blastmotes      Fire/Tloc      26%        2d12      28%         3
 Anguish                  Hex/Necr       6%         N/A       67%         4
 Cause Fear               Hex            6%         N/A       67%         4
 Dimensional Bullseye     Hex/Tloc       6%         N/A       67%         4
 Sticky Flame             Fire/Alch      13%        2d5       67%         4
 Haunt                    Necr/Summ      28%        N/A       94%         7
 Alistair's Intoxication  Alch           8%         N/A       95%         5
 Enfeeble                 Hex            6%         N/A       100%        7
 Borgnjor's Revivificati  Necr           6%         N/A       100%        8
 Death's Door             Necr           6%         N/A       100%        9


Dungeon Overview and Level Annotations

Branches:
Dungeon (15/15)            Temple (1/1) D:5            Lair (5/5) D:10
  Swamp (4/4) Lair:2       Spider (0/4) Lair:2        Slime (0/5) Lair:4
    Orc (2/2) D:12            Elf (0/3) Orc:2        Vaults (0/5) D:13
 Depths (0/4) D:15         Bailey (visited)           IceCv (visited)

Altars:
Ashenzari
Cheibriados
Dithmenos
Elyvilon
Fedhas
Gozag
Hepliaklqana
Kikubaaqudgha
Makhleb
Nemelex Xobeh
Okawaru
Qazlal
Ru
Sif Muna
Trog
Uskayaw
Vehumet
Wu Jian
Xom
Yredelemnul
Zin
The Shining One
Ignis

Shops:
D:3 [   D:7 ?   D:10 !   D:15 !   Orc:2 **=[

Annotations:
Swamp:3 3 runed translucent doors, Bith's ghost, adept GnWn


Innate Abilities, Weirdness & Mutations

You have a beak for a mouth.
You have claws for feet.
Your magical flight helps you evade attacks. (EV +4)
You can magically evade attacks while moving or waiting.


Message History

You feel better.
The thorn hunter is lightly damaged.
* * * LOW HITPOINT WARNING * * *
Your lightning spire shoots out a bolt of lightning at the thorn hunter!
The bolt of electricity hits the thorn hunter!
Your spellforged servitor waves its arms in wide circles.
The air twists around and strikes the thorn hunter!!
The thorn hunter hits your spellforged servitor.
The thorn hunter hits your spellforged servitor but does no damage.
Your lightning spire shoots out a bolt of lightning at the thorn hunter!
The bolt of electricity hits the thorn hunter!
Your lightning spire cannot move out of your way!
The thorn hunter gestures.
Thorny briars emerge from the ground!
The thorn hunter closely misses your spellforged servitor.
The thorn hunter hits your spellforged servitor!
Your lightning spire shoots out a bolt of lightning at the thorn hunter!
The bolt of electricity hits the briar patch!
The bolt of electricity hits the thorn hunter!
Aiming: Throw Flame
Press: ? - help, Q - select action, (/) - cycle Shift-Dir - straight line, f - thorn hunter, p - thorn hunter
Aim: a thorn hunter (heavily damaged, not watching you, ally target, 72% to hit)
Your line of fire to the thorn hunter is blocked by a briar patch.
Unknown command.
Casting: Shock (safe; 0% risk of failure)
Confirm with . or Enter, or press ? or * to list all spells.
Aiming: Airstrike (safe; 1% risk of failure)
Press: ? - help, Dir - move target, f/p - thorn hunter
Aim: a thorn hunter (heavily damaged, not watching you, ally target, empty space bonus: 3/8)
The air twists around and strikes the thorn hunter!
You feel better.
The thorn hunter is severely damaged.
* * * LOW HITPOINT WARNING * * *
The briar patch crumbles away.
The thorn hunter fires a volley of thorns at you.
The volley of thorns hits you.
* * * LOW HITPOINT WARNING * * *
The thorn hunter fires a volley of thorns at you.
The volley of thorns hits you!!
You die...

~..~.~.~.P§.~....~♣
...~~~.~.P.....♣..♣♣
.~~.......~.....~~~♣
~...~~.....~...†♣~♣♣♣♣
♣♣..~.~.~~~~♣♣.♣.9~♣§♣♣
~..~......~..§~~ff§.~P♣
~...~..~..~..PPPPPPPP♣♣
.~§......§.♣P♣♣PP~P♣♣♣
.....♣PPP♣♣~...?@8♣♣
.♣.~♣♣♣~♣♣♣♣~♣♣§♣♣♣
♣♣♣♣♣ ♣♣♣ ♣♣♣♣♣♣


You could see 2 thorn hunters, a friendly spellforged servitor (summoned) and a
friendly lightning spire (summoned).

Vanquished Creatures
  A thorn hunter (Swamp:4)
  Roxanne (D:14)
  A ghoul (Swamp:4)
  2 eleionomae
  4 bunyips
  A fire dragon (Lair:5)
  2 shambling mangroves
  8 hydras
  An ogre mage (D:15)
  2 dancing weapons (D:13)
  5 alligators
  3 boulder beetles
  A centaur warrior (D:14)
  2 tengu warriors (D:15)
  9 two-headed ogres
  2 death yaks (Lair:1)
  An occultist (D:15)
  Nergalle (D:11)
  A skyshark (Lair:3)
  6 goliath frogs
  4 skeletal warriors (D:14)
  2 spriggan druids
  An orc knight (D:12)
  2 bog bodies
  A lindwurm (Lair:5)
  3 harpies (D:15)
  3 swamp dragons
  A flayed ghost (Swamp:4)
  A spectral hydra (Swamp:4)
  A deep elf pyromancer (D:13)
  Pikel (D:6)
  4 ugly things
  2 will-o-the-wisps
  3 cyclopes
  3 elephants
  Maurice (Orc:1)
  3 manticores (D:14)
  A kobold blastminer (Orc:2)
  5 black mambas
  A gargoyle (D:13)
  2 molten gargoyles (Lair:5)
  7 cane toads
  4 rime drakes
  An unseen horror (D:11)
  A komodo dragon (shapeshifter) (D:15)
  A nameless horror (D:14)
  4 kobold demonologists
  A tengu conjurer (D:15)
  6 komodo dragons
  A freezing wraith (D:14)
  2 ice devils (IceCv)
  An anaconda simulacrum (IceCv)
  A troll (shapeshifter) (D:15)
  A bloated husk (Swamp:4)
  A hydra zombie (Swamp:4)
  4 polar bears
  A troll (D:13)
  Prince Ribbit (D:6)
  8 tyrant leeches
  5 hornets
  11 blink frogs
  5 slime creatures
  2 shadows
  Sigmund (D:2)
  6 wyverns
  2 vampires
  A wraith (D:11)
  7 yaks
  6 basilisks
  2 steam dragons (Lair:5)
  3 wargs
  A death yak simulacrum (IceCv)
  Menkaure (D:6)
  23 vampire mosquitoes
  14 swamp worms
  An acid dragon (D:11)
  Duvessa (D:6)
  2 hell hounds (Lair:5)
  A hydra simulacrum (Swamp:4)
  2 swamp drakes (Swamp:4)
  19 orc warriors
  A sky beast (D:8)
  15 water moccasins
  2 ice beasts
  A swamp dragon zombie (Swamp:4)
  A black bear (Lair:3)
  A laughing skull (D:13)
  6 ogres
  14 wolves
  8 centaurs
  3 kobold brigands
  21 bullfrogs
  3 two-headed ogre simulacra (IceCv)
  A gnoll sergeant (D:9)
  4 scorpions
  Dowan (D:6)
  14 wights
  5 killer bees
  5 howler monkeys
  A bombardier beetle (D:7)
  7 electric eels
  5 lava snakes (Lair:5)
  4 crimson imps (D:13)
  8 orc priests
  6 hounds
  2 jellies (Lair:4)
  Terence (D:2)
  6 iguanas
  A sleepcap (D:6)
  9 orc wizards
  2 troll simulacra (IceCv)
  2 spriggan simulacra (IceCv)
  A wolf simulacrum (IceCv)
  2 naga simulacra (IceCv)
  4 adders
  10 gnolls
  A swamp drake skeleton (Swamp:4)
  A white imp (D:5)
  2 ufetubi (D:7)
  4 dart slugs
  2 ribbon worms
  45 orcs
  5 ball pythons
  11 endoplasms
  6 giant cockroaches
  16 goblins
  7 hobgoblins
  3 jackals (D:1)
  2 quokkas
  5 bats
  3 frilled lizards
  19 kobolds
  2 rats
572 creatures vanquished.

Vanquished Creatures (collateral kills)
  Bai Suzhen (Swamp:3)
  A thorn hunter (Swamp:3)
  Donald (Swamp:3)
  2 fenstrider witches (Swamp:4)
  A ghoul (Swamp:4)
  A reaper (IceCv)
  2 bunyips
  A shambling mangrove (Swamp:4)
  3 hydras
  2 centaur warriors
  A death knight (D:14)
  3 alligators
  2 boulder beetles
  3 tengu warriors (D:15)
  A two-headed ogre (D:15)
  4 death yaks (Lair:1)
  A skyshark (Lair:4)
  2 goliath frogs
  2 skeletal warriors (D:14)
  A spriggan druid (Swamp:4)
  A flayed ghost (Swamp:4)
  A bog body (Swamp:2)
  3 spectral hydras (Swamp:4)
  8 swamp dragons
  2 orc knights (Orc:2)
  A phantasmal warrior (Swamp:4)
  A wolf spider (Lair:4)
  2 harpies (D:15)
  2 ugly things (D:15)
  2 oklob plants
  A manticore (D:14)
  A will-o-the-wisp (Swamp:4)
  10 elephants
  2 kobold blastminers (Orc:2)
  An ice statue (IceCv)
  Joseph (D:9)
  A black mamba (Lair:1)
  Jeremiah (Lair:1)
  2 cane toads
  A kobold demonologist (D:9)
  A rime drake (Lair:4)
  4 komodo dragons
  A freezing wraith (D:14)
  4 hydra zombies (Swamp:4)
  An anaconda simulacrum (IceCv)
  5 ice devils (IceCv)
  7 hornets
  12 blink frogs
  9 slime creatures
  4 spriggans
  2 wyverns (Lair:5)
  2 wraiths
  2 basilisks
  20 yaks
  2 steam dragons
  9 vampire mosquitoes
  2 swamp worms
  6 water moccasins
  A hydra simulacrum (Swamp:4)
  2 hell hounds (Lair:5)
  25 orc warriors
  3 swamp drakes
  A laughing skull (D:13)
  2 black bears
  8 centaurs
  16 wolves
  A kobold brigand (D:9)
  A bullfrog (D:10)
  A cane toad simulacrum (IceCv)
  2 killer bees (D:10)
  An elephant simulacrum (IceCv)
  6 orc priests
  2 hounds
  A gnoll bouda (D:10)
  4 orc wizards
  A troll simulacrum (IceCv)
  2 polar bear simulacra (IceCv)
  A spriggan simulacrum (IceCv)
  4 gnolls
  A swamp drake zombie (Swamp:4)
  A shadow imp (D:7)
  3 white imps (IceCv)
  5 orcs
  A goblin (Bailey)
  A kobold (D:9)
269 creatures vanquished.

Vanquished Creatures (others)
  2 foxfires (Swamp:4)
2 creatures vanquished.

Grand Total: 843 creatures vanquished

Notes
Turn   | Place    | Note
-------+----------+-------------------------------------------
     0 | D:1      | VoidStrider the Tengu Air Elementalist began the quest for
                  | the Orb.
     0 | D:1      | Reached XP level 1. HP: 10/10 MP: 4/4
    93 | D:1      | Reached skill level 2 in Conjurations
    93 | D:1      | Reached XP level 2. HP: 15/15 MP: 3/6
   463 | D:1      | Reached XP level 3. HP: 19/19 MP: 2/7
   548 | D:1      | Found a faded altar of an unknown god.
   567 | D:1      | Prayed at the altar of an unknown god.
   567 | D:1      | Became a worshipper of Ignis, the Dying Flame
   824 | D:1      | Learned a level 2 spell: Static Discharge
  1123 | D:2      | Reached skill level 3 in Conjurations
  1361 | D:2      | Reached XP level 4. HP: 24/24 MP: 7/9
  1366 | D:2      | Learned a level 4 spell: Airstrike
  1646 | D:2      | You fall into a shaft and drop 1 floor!
  1770 | D:3      | Found Xaoz's Armour Emporium.
  2113 | D:2      | Noticed Sigmund
  2131 | D:2      | Killed Sigmund
  2132 | D:2      | Reached skill level 4 in Conjurations
  2132 | D:2      | Reached skill level 5 in Air Magic
  2132 | D:2      | Reached XP level 5. HP: 26/28 MP: 6/11
  2132 | D:2      | Reached XP level 6. HP: 30/32 MP: 6/12
  2228 | D:2      | Noticed Terence
  2233 | D:2      | Killed Terence
  2234 | D:2      | Reached skill level 5 in Conjurations
  3031 | D:4      | Found the +2 ratskin cloak {*Rats rPois rN+ Str-1 Int-1
                  | Dex+1}
  3300 | D:4      | Found a bloodstained altar of Trog.
  3439 | D:4      | Found a glowing golden altar of the Shining One.
  3825 | D:5      | Entered Level 5 of the Dungeon
  3986 | D:5      | Reached skill level 6 in Conjurations
  3986 | D:5      | Gained mutation: Your magical flight helps you evade
                  | attacks. (EV +4) [Tengu growth]
  3986 | D:5      | Reached XP level 7. HP: 18/36 MP: 6/14
  4094 | D:5      | Reached skill level 1 in Fighting
  4115 | D:5      | Reached skill level 5 in Spellcasting
  4543 | D:5      | Found a staircase to the Ecumenical Temple.
  4552 | Temple   | Entered the Ecumenical Temple
  4812 | D:5      | Found a radiant altar of Vehumet.
  4813 | D:5      | Found a broken altar of Ashenzari.
  4814 | D:5      | Found an iron altar of Okawaru.
  4815 | D:5      | Found a stormy altar of Qazlal.
  4944 | D:5      | Reached XP level 8. HP: 42/44 MP: 10/16
  5040 | D:6      | Noticed Prince Ribbit
  5057 | D:6      | Killed Prince Ribbit
  5058 | D:6      | Reached skill level 7 in Conjurations
  5387 | D:6      | Noticed Dowan
  5388 | D:6      | Noticed Duvessa
  5416 | D:6      | Killed Duvessa
  5417 | D:6      | Killed Dowan
  5674 | D:6      | Learned a level 4 spell: Summon Lightning Spire
  5729 | D:6      | Noticed Pikel
  5756 | D:6      | Killed Pikel
  5757 | D:6      | Reached skill level 8 in Conjurations
  5757 | D:6      | Reached XP level 9. HP: 32/50 MP: 4/19
  5968 | D:6      | Noticed Menkaure
  5973 | D:6      | Killed Menkaure
  6080 | D:6      | Identified the +3 leather armour of the Orb {rF+ rN+ Int-3}
  6380 | D:7      | Reached skill level 9 in Conjurations
  6405 | D:7      | Found a flagged portal.
  6432 | Bailey   | Entered a bailey
  6587 | Bailey   | Noticed a kobold demonologist
  6592 | Bailey   | Noticed an orange demon
  6596 | Bailey   | Noticed an orange demon
  6748 | Bailey   | Reached XP level 10. HP: 56/56 MP: 4/21
  6750 | Bailey   | Learned a level 1 spell: Apportation
  6884 | Bailey   | Noticed a kobold demonologist
  6886 | Bailey   | Noticed a rust devil
  6887 | Bailey   | Killed a kobold demonologist
  6888 | Bailey   | Reached skill level 5 in Summonings
  6918 | Bailey   | Identified the +3 hand axe of Qut Giff {flame, rElec}
  7385 | Bailey   | Reached skill level 10 in Conjurations
  7385 | Bailey   | Reached skill level 10 in Air Magic
  7770 | Bailey   | Acquired the +6 Majin-Bo {spellvamp, MP+6 Int+6}
  7770 | Bailey   | Found the +6 Majin-Bo {spellvamp, MP+6 Int+6}
  7854 | Bailey   | Found an iron altar of Okawaru.
  7900 | Bailey   | Noticed a soul eater
  7903 | Bailey   | Killed a kobold demonologist
  8654 | D:7      | Found Nuffygac's Magic Scroll Shoppe.
  9186 | D:8      | Reached skill level 5 in Fighting
  9287 | D:8      | Reached XP level 11. HP: 56/63 MP: 24/24
  9597 | D:8      | Found the +7 staff of the Meek {protect, meekguard}
  9599 | D:8      | Reached skill level 11 in Conjurations
 10241 | D:9      | Learned a level 3 spell: Passwall
 10261 | D:9      | Noticed Joseph
 10269 | D:9      | Killed Joseph
 10950 | D:10     | Entered Level 10 of the Dungeon
 10993 | D:10     | Noticed a two-headed ogre
 10995 | D:10     | Killed a two-headed ogre
 11012 | D:10     | Noticed a two-headed ogre
 11015 | D:10     | Killed a two-headed ogre
 11016 | D:10     | Reached skill level 12 in Conjurations
 11143 | D:10     | Found Jocabuh's Distillery.
 11151 | D:10     | Bought a potion of curing for 39 gold pieces
 11151 | D:10     | Bought a potion of heal wounds for 65 gold pieces
 11151 | D:10     | Bought a potion of berserk rage for 65 gold pieces
 11320 | D:10     | Noticed a two-headed ogre
 11323 | D:10     | Killed a two-headed ogre
 11324 | D:10     | Reached XP level 12. HP: 67/70 MP: 26/26
 11379 | D:10     | Found a staircase to the Lair.
 11500 | Lair:1   | Entered Level 1 of the Lair of Beasts
 11631 | Lair:1   | Noticed Jeremiah
 11638 | Lair:1   | Killed Jeremiah
 12073 | Lair:1   | Reached skill level 13 in Conjurations
 12294 | Lair:1   | Noticed a death yak
 12294 | Lair:1   | Noticed a death yak
 12294 | Lair:1   | Noticed a death yak
 12295 | Lair:1   | Noticed a death yak
 12296 | Lair:1   | Noticed a death yak
 12297 | Lair:1   | Noticed a death yak
 12311 | Lair:1   | Killed a death yak
 12312 | Lair:1   | Killed a death yak
 12313 | Lair:1   | Reached skill level 10 in Summonings
 12314 | Lair:1   | Killed a death yak
 12315 | Lair:1   | Killed a death yak
 12315 | Lair:1   | Killed a death yak
 12316 | Lair:1   | Killed a death yak
 12317 | Lair:1   | Reached skill level 10 in Spellcasting
 12906 | Lair:2   | Found a staircase to the Swamp.
 13140 | Lair:2   | Reached XP level 13. HP: 73/76 MP: 28/28
 13253 | Lair:2   | Found a hole to the Spider Nest.
 13679 | Lair:3   | Reached skill level 14 in Conjurations
 14823 | Lair:4   | Found a staircase to the Slime Pits.
 14873 | Lair:4   | Reached skill level 5 in Dodging
 15117 | Lair:4   | Reached skill level 15 in Air Magic
 15118 | Lair:4   | Reached skill level 15 in Conjurations
 15551 | Lair:5   | Entered Level 5 of the Lair of Beasts
 15579 | Lair:4   | Reached XP level 14. HP: 75/84 MP: 29/29
 16493 | Lair:5   | Found a large runed translucent door.
 16502 | Lair:5   | Reached skill level 16 in Conjurations
 16717 | Lair:5   | Found a large runed translucent door.
 17312 | D:11     | Identified the amulet "Jacemeu" {Spirit rPois rCorr Str+2}
 17604 | D:11     | Learned a level 7 spell: Spellforged Servitor
 17629 | D:11     | Noticed Nergalle
 17634 | D:11     | Killed Nergalle
 18002 | D:11     | Found a shadowy altar of Dithmenos.
 19054 | D:12     | Found a staircase to the Orcish Mines.
 19245 | Orc:1    | Entered Level 1 of the Orcish Mines
 19288 | Orc:1    | Noticed Maurice
 19292 | Orc:1    | Killed Maurice
 19299 | Orc:1    | Reached XP level 15. HP: 89/90 MP: 23/30
 19352 | Orc:1    | Found a frozen archway.
 19380 | IceCv    | Entered an ice cave
 24364 | IceCv    | Identified the +4 ring mail of Elexy {Str+2 Stlth+}
 24375 | IceCv    | Glimpsed the power of Zot.
 24670 | Orc:2    | Entered Level 2 of the Orcish Mines
 24932 | Orc:2    | Found a staircase to the Elven Halls.
 24985 | Orc:2    | Reached skill level 17 in Conjurations
 25438 | Orc:2    | Found Umosk's Jewellery Boutique.
 25438 | Orc:2    | Found Atuix's General Store.
 25438 | Orc:2    | Found Durghot's General Store.
 25441 | Orc:2    | Found Seoplig's Armour Shop.
 25452 | Orc:2    | Bought a scroll of summoning for 133 gold pieces
 25602 | D:13     | Found a shimmering altar of Xom.
 26314 | D:13     | Found a gate to the Vaults.
 27841 | D:14     | Reached skill level 15 in Summonings
 28184 | D:14     | Noticed Roxanne
 28226 | D:14     | Killed Roxanne
 28956 | D:15     | Entered Level 15 of the Dungeon
 29061 | D:15     | Found Olude's Distillery.
 29069 | D:15     | Bought a potion of curing for 48 gold pieces
 29069 | D:15     | Bought a potion of curing for 48 gold pieces
 29069 | D:15     | Bought a potion of brilliance for 64 gold pieces
 29069 | D:15     | Bought a potion of resistance for 160 gold pieces
 29069 | D:15     | Bought a potion of curing for 48 gold pieces
 29106 | D:15     | Reached skill level 18 in Conjurations
 29174 | D:15     | Reached XP level 16. HP: 97/97 MP: 31/31
 29250 | D:15     | Found a staircase to the Depths.
 29450 | D:15     | Reached skill level 10 in Fighting
 29984 | D:15     | Identified the +2 leather armour of the Wasteland {rElec
                  | Str+4 Slay-4 Stlth+}
 30473 | Swamp:1  | Entered Level 1 of the Swamp
 33067 | Swamp:3  | Noticed Bai Suzhen
 33192 | Swamp:3  | HP: 1/98 [mangrove collision (9)]
 33457 | Swamp:3  | Killed Bai Suzhen
 33732 | Swamp:2  | Reached skill level 19 in Conjurations
 34318 | Swamp:3  | Noticed a thorn hunter
 34325 | Swamp:3  | Killed a thorn hunter
 34938 | Swamp:3  | Found a runed translucent gate.
 34938 | Swamp:3  | Found a runed translucent gate.
 34938 | Swamp:3  | Found a runed translucent gate.
 34941 | Swamp:3  | Noticed Bith's ghost (adept GnWn)
 35299 | Swamp:3  | Reached XP level 17. HP: 100/103 MP: 28/32
 35522 | Swamp:4  | Entered Level 4 of the Swamp
 35971 | Swamp:4  | Noticed Donald
 36816 | Swamp:3  | Killed Donald
 38699 | Swamp:4  | Reached skill level 20 in Conjurations
 38705 | Swamp:4  | Killed from afar by a thorn hunter

Illustrated notes

Levels and vault maps discovered:
D:1:      dreamdust_arrival_sigmund_warning, layout_rooms,
          hellmonk_ecumenical_altar_slurped_away, minmay_misc_feat_room,
          hex_tiny
D:2:      layout_loops_ring, minmay_tromino_i2, uniq_terence, uniq_sigmund
D:3:      minmay_spotlight, layout_loops_ring, serial_shops, shop
D:4:      layout_basic, amcnicky_altar_gilded, mainiacjoe_overflow_paths,
          minivault_26
D:5:      layout_loops_cross, mainiacjoe_overflow_alcove_3,
          minmay_temple_entry_junction, corexii_shack
D:6:      layout_basic, uniq_prince_ribbit1, uniq_pikel, uniq_menkaure,
          uniq_duvessa
D:7:      layout_cave_pools, enter_bailey_2, serial_shops,
          nicolae_shop_competitors_out_of_business
D:8:      layout_basic, minmay_tree_intersection, pf_guarded_unrand_meek
D:9:      layout_loops_cross, item_on_display_a, uniq_joseph
D:10:     layout_rooms, grunt_lair_entry_orc_guard_hut, serial_shops,
          nicolae_shop_tiny_waterfront
D:11:     layout_basic, eino_curves_03,
          nicolae_dithmenos_through_a_glass_darkly, uniq_nergalle
D:12:     layout_cave_pools, david_orc_1_choice, lightli_minifort
D:13:     layout_roguey, erik_vaults_1, led_xom_imps
D:14:     layout_basic, minivault_25, nicolae_figureground_pulse, uniq_roxanne
D:15:     hangedman_depths_entry_civil_slaughter, layout_rooms,
          dk_noncrumbling_4, serial_shops, nicolae_shop_crystal
Temple:   kb_temple_of_zot
Lair:1:   layout_hall_layers, serial_bayou, serial_bayou_crossing,
          serial_bayou_pond_d, serial_bayou_pond_c, serial_bayou_pond_e,
          uniq_jeremiah
Lair:2:   beast_lair_carwin_large_3, layout_regular_city,
          minmay_swamp_entry_wisps, dummy_spider_entry
Lair:3:   layout_regular_city, nicolae_quartered_pool_medium,
          minmay_lair_oklob_items, st_stairs_6, beast_lair_carwin_5
Lair:4:   layout_hall_layers, nicolae_slime_entry_slimehenge,
          nicolae_lair_run_with_the_wolves
Lair:5:   cheibrodos_lair_end_hotspot, layout_misc_corridors,
          serial_bayou_shore_b
Swamp:1:  layout_basic_swamp, evilmike_swamp_ruin_rubble_1,
          nicolae_swamp_triple_paths
Swamp:2:  layout_basic_swamp, nicolae_swamp_small_spring,
          nicolae_swamp_decorative_isthmus
Swamp:3:  layout_basic_swamp, gammafunk_ghost_necromancy,
          nicolae_swamp_fairy_circle, hangedman_swamp_double_dragon,
          nicolae_swamp_tree_isthmus, uniq_bai_suzhen
Swamp:4:  byrel_swamp_growth_death_and_undeath, layout_basic_swamp, uniq_donald
Orc:1:    layout_diamond_mine, portal_ice_cave_rime, uniq_maurice
Orc:2:    st_orc_rangers, layout_diamond_mine

Skill      XL: |  1  2  3  4  5  6  7  8  9 10 11 12 13 14 15 16 17 |
---------------+----------------------------------------------------+-----
Conjurations   | 2 3 4 6 8 9 10 12 13 15 16 18 19 20 | 20.0
Spellcasting   | 3 4 5 6 7 8 9 10 | 10.0
Air Magic      | 5 6 8 9 10 12 13 15 16 18 19 | 19.9
Fighting       | 1 3 5 6 7 8 9 10 11 | 11.1
Dodging        | 3 5 6 8 9 |  9.0
Summonings     | 2 4 6 8 10 12 13 15 16 17 | 17.3
Stealth        | 4 |  4.2

Action                     |  1- 3 |  4- 6 |  7- 9 | 10-12 | 13-15 | 16-18 || total
---------------------------+-------+-------+-------+-------+-------+-------++-------
  Melee: Unarmed           |    14 |    11 |       |       |       |       ||    25
         Peck              |     4 |       |    12 |     2 |    22 |     4 ||    44
         Kick              |     3 |       |    25 |     5 |    38 |     8 ||    79
         Short sword       |     1 |       |    84 |       |       |       ||    85
         Hand axe          |       |       |       |     9 |       |       ||     9
         Bo                |       |       |       |    14 |    75 |    15 ||   104
         Punch             |       |       |       |       |     1 |       ||     1
   Cast: Shock             |    72 |    75 |   123 |   332 |   621 |    63 ||  1286
         Static Discharge  |       |       |    20 |    35 |   132 |    41 ||   228
         Airstrike         |       |       |    14 |    92 |   308 |   267 ||   681
         Summon Lightning  |       |       |     1 |    33 |   103 |    47 ||   184
         Apportation       |       |       |       |     1 |       |       ||     1
         Spellforged Servi |       |       |       |       |    18 |    41 ||    59
         Passwall          |       |       |       |       |       |     1 ||     1
  Evoke: Wand              |       |       |     4 |     1 |     6 |     9 ||    20
    Use: Scroll            |     5 |    14 |     3 |     9 |     8 |     8 ||    47
         Potion            |       |       |     2 |     3 |    11 |    14 ||    30
   Stab: Distracted        |       |       |       |       |     2 |     3 ||     5
 Armour: Robe              |    13 |    15 |    77 |    99 |   272 |       ||   476
         Skin              |       |     2 |       |       |     3 |       ||     5
         Ring mail         |       |       |       |       |   129 |   238 ||   367
  Dodge: Dodged            |    13 |    26 |    98 |   181 |   509 |   275 ||  1102

Table legend: (Time is in decaauts)
 A = Elapsed time spent in this place.
 B = Non-inter-level travel time spent in this place.
 C = Inter-level travel time spent in this place.
 D = Time resting spent in this place.
 E = Time spent auto-exploring this place.
 F = Levels seen in this place.
 G = Mean time per level.
                   A        B        C        D        E       F      G
               +--------+--------+--------+--------+--------+-----+--------+
         Total |  38727 |  32478 |   6249 |   8980 |  18026 |  29 | 1335.4 |
       Dungeon |  16643 |  14239 |   2404 |    962 |  11169 |  15 | 1109.5 |
        Temple |    120 |      1 |    119 |      0 |      0 |   1 |  120.0 |
          Lair |   5674 |   4058 |   1616 |    570 |   2372 |   5 | 1134.8 |
         Swamp |   8224 |   6756 |   1468 |   2091 |   3756 |   4 | 2056.0 |
  Orcish Mines |   1201 |    559 |    642 |      0 |    337 |   2 |  600.5 |
        Bailey |   1771 |   1771 |      0 |    751 |    392 |   1 | 1771.0 |
      Ice Cave |   5092 |   5092 |      0 |   4606 |      0 |   1 | 5092.0 |
               +--------+--------+--------+--------+--------+-----+--------+

Top non-repeatable levels by time:
   IceCv: 5092 daAuts
 Swamp:3: 3148 daAuts
    D:14: 2501 daAuts
 Swamp:2: 2273 daAuts
  Bailey: 1771 daAuts
 Swamp:4: 1657 daAuts
  Lair:5: 1484 daAuts
    D:15: 1389 daAuts
     D:6: 1317 daAuts
     D:9: 1270 daAuts
  Lair:1: 1265 daAuts
     D:2: 1260 daAuts
 Swamp:1: 1144 daAuts
  Lair:3: 1107 daAuts
    D:11: 1096 daAuts
